 Dungeon Crawl Stone Soup version 0.17-a0-1617-gfba1302 (webtiles) character file.

11525 maniek23 the Covert (level 11, -1/92 HPs)
             Began as a Vampire Transmuter on Aug 1, 2015.
             Was an Elder of Dithmenos.
             Slain by a yak (7 damage)
             ... summoned by a boggart
             ... on level 11 of the Dungeon.
             The game lasted 01:08:53 (12858 turns).

maniek23 the Covert (Vampire Transmuter)           Turns: 12858, Time: 01:08:53

Health: -1/92      AC: 12    Str:  9    XL:     11   Next: 50%
Magic:  4/17       EV: 18    Int: 18    God:    Dithmenos [****..]
Gold:   716        SH:  0    Dex: 21    Spells: 5 memorised, 2 levels left

rFire  x . .     SeeInvis +       - Unarmed
rCold  + + +     Clarity  .     (armour currently unavailable)
rNeg   . . .     SustAt   .     (shield currently unavailable)
rPois  +         Gourm    .     (helmet currently unavailable)
rElec  .         Spirit   .     (cloak currently unavailable)
rCorr  .         Warding  .     (gloves currently unavailable)
rMut   .         Stasis   .     (boots currently unavailable)
MR     +....                    (no amulet)
Stlth  ++++++++..               C - +6 ring of protection
                                n - +5 ring of dexterity

@: about to teleport, ice-form, very slightly contaminated, regenerating
quickly, slowed, wreathed by umbra, very slow, somewhat resistant to hostile
enchantments, extraordinarily stealthy
A: (fangs 0), see invisible, (unbreathing)
a: End Transformation, Shadow Step, Renounce Religion


You were on level 11 of the Dungeon.
You worshipped Dithmenos.
Dithmenos was greatly pleased with you.
You were very full.
You were a creature of crystalline ice.
You visited 3 branches of the dungeon, and saw 13 of its levels.
You also visited: Ossuary.

You collected 716 gold pieces.

Inventory:

Hand weapons
 a - a +3 dagger of freezing (melded)
 b - a +0 dagger of protection
 p - a +0 dagger
 z - a +2 dagger of chaos
 G - a +3 club
 J - a +0 long sword of electrocution
 Q - a -2 dagger
 T - a +2 dagger of pain
Missiles
 F - 143 arrows
Armour
 g - a +0 helmet (melded)
 r - a +1 cloak (melded)
 s - a +0 robe (melded)
 v - a +0 pair of gloves (melded)
 U - a mottled dragon hide
Jewellery
 n - a +5 ring of dexterity (left front paw)
 y - an uncursed ring of protection from cold
 A - an uncursed amulet of guardian spirit
 C - a +6 ring of protection (right front paw)
 I - the ring "Ireunwo" {Wiz rElec Str-5 Int+2, unknown}
   (You found it on level 7 of the Dungeon)

   [ring of wizardry]

   It improves your spell success rate.
   It affects your strength (-5).
   It affects your intelligence (+2).
   It insulates you from electricity.
 L - a +6 ring of strength {unknown}
 N - an uncursed ring of flight {unknown}
Magical devices
 H - a wand of flame (27)
 K - a wand of slowing (28)
 S - a wand of hasting (5)
Scrolls
 h - 3 scrolls of magic mapping
 i - 3 scrolls of recharging
 k - 3 scrolls of noise
 l - 2 scrolls of enchant armour
 m - a scroll of immolation
 w - a scroll of fog
 D - 6 scrolls of remove curse
 E - a scroll of amnesia
 P - a scroll of vulnerability
Potions
 d - a potion of mutation {unknown}
 e - a potion of ambrosia {unknown}
 f - 4 potions of curing
 j - 5 potions of brilliance
 o - a potion of magic
 q - a potion of poison
 u - 2 potions of lignification
 x - 2 potions of haste {unknown}
 B - 4 potions of might {unknown}
 M - 13 potions of blood
 R - a potion of berserk rage {unknown}
Books
 c - a book of Changes

   Spells                             Type                      Level
   a - Beastly Appendage              Transmutation                1
   b - Sticks to Snakes               Transmutation                2
   c - Spider Form                    Transmutation/Poison         3
   d - Ice Form                       Ice/Transmutation            4
   e - Blade Hands                    Transmutation                5
 O - a book of Enchantments

   Spells                             Type                      Level
   a - Cause Fear                     Hexes                        4
   b - Silence                        Hexes/Air                    5
   c - Deflect Missiles               Charms/Air                   6
   d - Haste                          Charms                       6
   e - Discord                        Hexes                        8


   Skills:
 + Level 4.1 Fighting
 * Level 6.5 Short Blades
 + Level 9.2 Dodging
 * Level 12.4 Stealth
 * Level 8.3 Unarmed Combat
 + Level 4.1 Spellcasting
 * Level 2.7 Hexes
 + Level 7.5 Transmutations
 + Level 5.9 Ice Magic


You had 2 spell levels left.
You knew the following spells:

 Your Spells              Type           Power        Failure   Level  Hunger
a - Beastly Appendage     Trmt           ####..       1%          1    None
b - Sticks to Snakes      Trmt           ####......   1%          2    ##.....
c - Ice Form              Ice/Trmt       ####....     12%         4    ####...
d - Blade Hands           Trmt           ####......   21%         5    ######.
e - Cause Fear            Hex            ##........   54%         4    ####...


Dungeon Overview and Level Annotations

Branches:
Dungeon (11/15)            Temple (1/1) D:4            Lair (0/8) D:10
    Orc (1/4) D:10

Altars:
Ashenzari
Cheibriados
Dithmenos
Elyvilon
Fedhas
Gozag
Kikubaaqudgha
Makhleb
Nemelex Xobeh
Okawaru
Qazlal
Ru
Sif Muna
Trog
Vehumet
Xom
Yredelemnul
Zin
The Shining One
Lugonu

Annotations:
D:10 urechis's ghost, powerful OgGl


Innate Abilities, Weirdness & Mutations

Your natural rate of healing is unusually fast.
((You have razor-sharp teeth.))
You have supernaturally acute eyesight.
((You can survive without breathing.))


Message History

The yak completely misses you. x2
The yak barely misses you. The wraith hits you but does no damage.
The yak barely misses you. The yak closely misses you.
The yak closely misses you.
Casting: Cause Fear
Confirm with . or Enter, or press ? or * to list all spells.
The spell is very dangerous to cast!
Continue anyway?
You miscast Cause Fear.
Your skin tingles.
The wraith hits you but does no damage. The yak misses you.
The yak closely misses you. The yak misses you.
The wraith completely misses you.
Read which item? (? for menu, Esc to quit)
As you read the scroll of teleportation, it crumbles to dust.
You feel strangely unstable. The yak barely misses you. The yak misses you.
The yak barely misses you. The wraith barely misses you.
The yak barely misses you. The yak closely misses you.
The yak closely misses you.
You barely miss the yak. The wraith barely misses you.
The yak completely misses you. The yak gores you!
You die...

.# #..##.# .# #..##.# .# .#
#..#### .. # #. .# #..# .# #.
#. .# #..# ##### .## #.##. .#
#..# #.÷.# .. #.... ####)####
g# #.... #(##.##.##Y##§#
#.##.. #......YYYWYR.# ###
#.##.. #†##.##.##Y##$# #.#
#.##.. ####.#### S#
#.###.##.. #...# .$
#.....##.. . ##.## ###
#.....##.. ... ##'#######
#.##......
.....#..#.....######.##...##.
#..............)...##...##(
#..###.......#####.##...##.


You could see 5 yaks, an efreet, a wraith, a boggart (invisible) and an adder.

Vanquished Creatures
  Harold (D:11)
  2 hill giants
  A manticore (D:11)
  Joseph (D:8)
  A gargoyle (D:10)
  3 kobold demonologists (D:10)
  2 trolls (D:9)
  A two-headed ogre (D:9)
  A spriggan (D:10)
  A deep elf fighter (D:10)
  4 yaks (D:10)
  2 hungry ghosts
  4 vampire mosquitoes (D:9)
  A warg (Orc:1)
  A mottled dragon (D:11)
  4 orc warriors
  3 sky beasts
  A black bear (D:7)
  3 wasps
  7 centaurs
  5 ice beasts
  A necrophage (D:10)
  3 ogres
  2 giant frogs
  22 killer bees
  3 scorpions
  A wyvern skeleton (D:8)
  7 crimson imps
  4 wights (D:10)
  2 quasits
  2 jellies
  A centaur skeleton (D:11)
  3 orc priests
  3 iguanas
  9 orc wizards
  A giant frog skeleton (D:4)
  5 hounds
  Terence (D:2)
  7 worker ants
  A hound skeleton (D:7)
  A hound zombie (D:6)
  8 mummies (Ossuary)
  2 worker ant zombies
  Robin (D:2)
  9 gnolls
  10 adders
  3 shadow imps
  2 adder zombies
  An adder skeleton (D:6)
  2 worms
  5 giant geckos
  49 orcs
  7 giant cockroaches
  2 gnoll zombies (Ossuary)
  10 goblins
  10 hobgoblins
  6 kobolds
  5 ball pythons
  9 bats
  4 giant newts
  A hobgoblin zombie (Ossuary)
  12 jackals
  2 kobold zombies (Ossuary)
  An orc zombie (Ossuary)
  2 quokkas
  11 rats
302 creatures vanquished.

Vanquished Creatures (collateral kills)
  3 killer bees (D:7)
  2 crimson imps
  2 worker ants (D:5)
  2 gnolls (D:10)
  5 orcs (D:5)
  A ball python (D:3)
  A giant cockroach (D:5)
  3 goblins (D:2)
  2 hobgoblins (D:2)
  A jackal (D:3)
  A kobold (D:3)
  A hobgoblin zombie (Ossuary)
  An orc zombie (Ossuary)
25 creatures vanquished.

Grand Total: 327 creatures vanquished

Notes
Turn   | Place    | Note
--------------------------------------------------------------
     0 | D:1      | maniek23 the Vampire Transmuter began the quest for the Orb.
     0 | D:1      | Reached XP level 1. HP: 14/14 MP: 3/3
   201 | D:1      | Reached XP level 2. HP: 15/20 MP: 5/5
   625 | D:2      | Reached XP level 3. HP: 20/25 MP: 6/6
   802 | D:2      | Reached skill level 4 in Unarmed Combat
   871 | D:2      | Noticed Robin
   881 | D:2      | Learned a level 2 spell: Sticks to Snakes
   907 | D:2      | Reached skill level 1 in Stealth
   918 | D:2      | Killed Robin
  1007 | D:2      | Noticed Terence
  1029 | D:2      | Killed Terence
  1029 | D:2      | Reached skill level 1 in Fighting
  1029 | D:2      | Reached XP level 4. HP: 29/32 MP: 2/7
  1797 | D:3      | Learned a level 4 spell: Ice Form
  2149 | D:3      | Reached XP level 5. HP: 31/37 MP: 8/8
  2716 | D:4      | Found a staircase to the Ecumenical Temple.
  2723 | Temple   | Entered the Ecumenical Temple
  2918 | Temple   | Became a worshipper of Dithmenos the Shadowed
  3116 | D:4      | Found a burning altar of Makhleb.
  3151 | D:4      | Found a shimmering altar of Xom.
  3315 | D:4      | Reached skill level 1 in Ice Magic
  3315 | D:4      | Reached XP level 6. HP: 32/43 MP: 4/9
  3514 | D:4      | Paralysed by a crimson imp for 6 turns
  3698 | D:5      | Entered Level 5 of the Dungeon
  3726 | D:5      | Reached skill level 1 in Short Blades
  3933 | D:5      | Reached XP level 7. HP: 48/48 MP: 5/10
  4319 | D:5      | Found a sparkling altar of Nemelex Xobeh.
  4512 | D:5      | Reached skill level 5 in Stealth
  5637 | D:6      | Reached skill level 5 in Dodging
  5683 | D:6      | Reached XP level 8. HP: 56/56 MP: 12/12
  5689 | D:6      | Reached skill level 5 in Transmutations
  5690 | D:6      | Found a sand-covered staircase.
  5707 | D:6      | Reached skill level 6 in Stealth
  5723 | D:6      | Reached skill level 5 in Unarmed Combat
  5741 | Ossuary  | Entered an ossuary
  7118 | D:6      | Reached skill level 7 in Stealth
  7529 | D:7      | Acquired Dithmenos's first power
  7634 | D:7      | Got a clouded pewter ring
  7841 | D:7      | Found a glowing silver altar of Zin.
  7931 | D:7      | Reached XP level 9. HP: 56/61 MP: 13/13
  8004 | D:7      | Reached skill level 8 in Stealth
  9097 | D:8      | Reached skill level 9 in Stealth
  9130 | D:8      | Acquired Dithmenos's second power
  9206 | D:8      | Noticed Joseph
  9219 | D:8      | Killed Joseph
  9485 | D:8      | Learned a level 5 spell: Blade Hands
  9632 | D:8      | Found a sacrificial altar of Ru.
 10098 | D:9      | Reached skill level 5 in Short Blades
 10098 | D:9      | Reached XP level 10. HP: 70/70 MP: 10/15
 10331 | D:9      | Reached skill level 10 in Stealth
 10981 | D:10     | Entered Level 10 of the Dungeon
 10998 | D:10     | Noticed urechis's ghost (powerful OgGl)
 11029 | D:10     | HP: 2/84 [urechis's ghost (19)]
 11225 | D:10     | Found a staircase to the Orcish Mines.
 11225 | D:10     | Noticed a hill giant
 11233 | D:10     | Killed a hill giant
 11233 | D:10     | Reached skill level 5 in Ice Magic
 11313 | D:10     | Found a deep blue altar of Sif Muna.
 11333 | D:10     | Reached skill level 11 in Stealth
 11463 | D:10     | Found a staircase to the Lair.
 11812 | D:10     | Reached XP level 11. HP: 68/76 MP: 9/17
 11828 | D:10     | Acquired Dithmenos's third power
 11961 | D:10     | Noticed a sun demon
 12256 | D:10     | Found a corrupted altar of Lugonu.
 12304 | Orc:1    | Entered Level 1 of the Orcish Mines
 12528 | D:11     | Learned a level 4 spell: Cause Fear
 12744 | D:11     | Reached skill level 1 in Hexes
 12757 | D:11     | Noticed Harold
 12760 | D:11     | Killed Harold
 12760 | D:11     | Reached skill level 12 in Stealth
 12778 | D:11     | Noticed a hill giant
 12799 | D:11     | Killed a hill giant
 12854 | D:11     | HP: 4/92 [yak[a boggart] (4)]
 12858 | D:11     | Slain by a yak

Vault maps used:
D:1:      dpeg_arrival_three_same_balls
D:2:      minmay_misc_feat_x, st_stairs_3, uniq_terence, uniq_robin
D:3:      eino_tiny_chamber
D:4:      led_xom_imps, nicolae_overflow_hidden_temple,
          minmay_temple_entry_statues_pillars, serial_bayou_pond_a
D:5:      first_bread, glass_columns_a, nemelex_xobeh_ov_fountains_minmay
D:6:      nicolae_ossuary_entry_monument
D:7:      nicolae_overflow_crystal_walls
D:8:      hangedman_ru_absence, uniq_joseph
D:10:     kennysheep_kobold_lugonu_temple, lair_0_dummy, basic_altar,
          hangedman_stone_soup
D:11:     hangedman_cross_veins, uniq_harold
Temple:   eino_wide_crystal_templ_15
Orc:1:    basic_altar, serial_shops, shop_statue
Ossuary:  ossuary_tomb_3

Action                   |  1- 3 |  4- 6 |  7- 9 | 10-12 || total
-------------------------+-------+-------+-------+-------++-------
Melee: Unarmed           |   125 |     7 |    92 |   253 ||   477
       Dagger            |    24 |   343 |   794 |   260 ||  1421
 Cast: Beastly Appendage |     5 |     9 |     8 |     5 ||    27
       Sticks to Snakes  |     5 |    16 |    35 |     6 ||    62
       Ice Form          |       |       |     8 |    13 ||    21
       Blade Hands       |       |       |       |     6 ||     6
 Abil: End Transformatio |       |       |     2 |     2 ||     4
       Bat Form          |       |       |     1 |       ||     1
  Use: Scroll            |       |     5 |     1 |    12 ||    18
       Potion            |       |       |    11 |     4 ||    15
 Stab: Sleeping          |     5 |     8 |    22 |    21 ||    56
       Distracted        |       |       |     8 |     1 ||     9
  Eat: Corpse            |    11 |    14 |    15 |    18 ||    58
